 Dungeon Crawl Stone Soup version 0.21.1-1-g345015f (webtiles) character file.

2667 Kagorn the Shield-Bearer (level 9, -2/69 HPs)
             Began as a Human Fighter on June 10, 2018.
             Slain by an orc warrior
             ... wielding a +0 flail
              (19 damage)
             ... on level 7 of the Dungeon.
             The game lasted 00:39:16 (6278 turns).

Kagorn the Shield-Bearer (Human Fighter)            Turns: 6278, Time: 00:39:17

Health: -2/69      AC: 15    Str: 17    XL:     9   Next: 94%
Magic:  9/9        EV: 11    Int:  9    God:
Gold:   392        SH: 11    Dex: 20    Spells: 8/8 levels left

rFire    + . .     SeeInvis .   u - +3 short sword of Evil {pierce, rElec} (curse)
rCold    . . .     Gourm    .   c - +0 shield
rNeg     . . .     Faith    .   k - +0 plate armour
rPois    .         Spirit   .   (no helmet)
rElec    +         Reflect  .   (no cloak)
rCorr    .         Harm     .   (no gloves)
MR       .....                  w - +2 pair of boots
Stlth    ..........             (no amulet)
HPRegen  0.21/turn              h - ring of protection from fire
MPRegen  0.11/turn              g - +3 ring of slaying

@: agile
A: no striking features
a: no special abilities


You were on level 7 of the Dungeon.
You were full.

You visited 1 branch of the dungeon, and saw 7 of its levels.

You collected 392 gold pieces.

Inventory:

Hand Weapons
 a - a +1 dagger of venom
 m - a +0 dagger of speed
 t - a +1 flail of protection
 u - the cursed +3 short sword of Evil (weapon) {pierce, rElec}
   (You found it on level 5 of the Dungeon)

   It inflicts extra damage upon your enemies.
   It insulates you from electricity.
   It has a curse placed upon it.
 v - a +1 mace of draining
Armour
 c - a +0 shield (worn)
 k - a +0 plate armour (worn)
 w - a +2 pair of boots (worn)
Jewellery
 g - a +3 ring of slaying (right hand)
 h - a ring of protection from fire (left hand)
Scrolls
 b - a scroll of remove curse
 e - 3 scrolls of teleportation
 i - a scroll of blinking
 j - 5 scrolls of fog
 q - 4 scrolls of amnesia
 s - a scroll of fear
Potions
 d - 2 potions of might
 p - a potion of flight
Comestibles
 f - 5 rations


   Skills:
 + Level 5.9 Fighting
 * Level 3.0(3.3) Short Blades
   Level 2.3(3.0) Long Blades
 - Level 5.5 Maces & Flails
 + Level 5.6 Armour
 + Level 4.4 Dodging
 + Level 5.0 Stealth
 + Level 5.9 Shields


You had 8 spell levels left.
You didn't know any spells.

Dungeon Overview and Level Annotations

Branches:
Dungeon (7/15)             Temple (0/1) D:7

Altars:
Ru
Zin


Message History

You hit the orc warrior but do no damage.
The orc warrior is heavily wounded.
You block the orc warrior's attack.
You barely miss the orc warrior.
The orc warrior is heavily wounded.
The orc warrior closely misses you.
You hit the orc warrior.
The orc warrior is severely wounded.
You feel sick.
You are no longer poisoned.
The orc warrior hits you with a flail!
* * * LOW HITPOINT WARNING * * *
You closely miss the orc warrior.
The orc warrior is severely wounded.
You block the orc warrior's attack.
You feel agile all of a sudden.
You hit the orc warrior.
The orc warrior is severely wounded.
The orc warrior hits you with a flail!!
You die...

#....#.# #...#######
#.#.......#######
#.##......# #....
#.##......# #.#.#
#.##......###.#.##
#.##.............####
#.#####....##.#..#...
#.#####o...##.#..#.#.
#...@oYoo..##........
#######o...##.#....!.
#.......###....
###......## .....
#........# .....
#........# ......
#...<....# ......
#...#....##......
#...#...(#


You could see an orc warrior, an ice beast and 4 orcs.

Vanquished Creatures
  The ghost of inc the Insei, an amateur DsMo of Makhleb (D:4)
  A hippogriff (D:7)
  Eustachio (D:6)
  2 water moccasins (D:7)
  An orc warrior (D:6)
  A black bear (D:7)
  2 ice beasts
  2 phantoms
  2 centaurs
  An ogre (D:6)
  3 bullfrogs
  A scorpion (D:7)
  A wyvern skeleton (D:6)
  3 crimson imps
  A centaur zombie (D:5)
  A centaur skeleton (D:4)
  5 orc wizards
  Jessica (D:3)
  Natasha (thrice) (D:3)
  An iguana (D:6)
  7 worker ants
  A worker ant zombie (D:7)
  10 adders
  A shadow imp (D:6)
  3 oozes
  3 adder skeletons
  4 worms (D:2)
  4 dart slugs
  6 leopard geckos
  14 orcs
  5 ball pythons
  4 giant cockroaches
  14 goblins
  14 hobgoblins
  17 jackals
  3 quokkas (D:2)
  7 bats
  5 frilled lizards
  6 kobolds
  8 rats
170 creatures vanquished.

Notes
Turn   | Place    | Note
-------+----------+-------------------------------------------
     0 | D:1      | Kagorn the Human Fighter began the quest for the Orb.
     0 | D:1      | Reached XP level 1. HP: 18/18 MP: 1/1
    31 | D:1      | Reached XP level 2. HP: 12/24 MP: 2/2
   288 | D:1      | Reached XP level 3. HP: 27/29 MP: 3/3
   847 | D:2      | Reached skill level 1 in Stealth
   847 | D:2      | Reached XP level 4. HP: 28/35 MP: 4/4
  1181 | D:2      | Reached skill level 1 in Short Blades
  1181 | D:2      | Reached XP level 5. HP: 29/41 MP: 5/5
  1188 | D:2      | Reached skill level 1 in Dodging
  1721 | D:3      | Noticed Jessica
  1731 | D:3      | Killed Jessica
  1952 | D:3      | Reached XP level 6. HP: 46/48 MP: 6/6
  2073 | D:3      | Noticed Natasha
  2090 | D:3      | Killed Natasha
  2156 | D:3      | Noticed Natasha
  2171 | D:3      | Killed Natasha
  2278 | D:3      | Noticed Natasha
  2303 | D:3      | Killed Natasha
  2489 | D:4      | Noticed a phantom
  2489 | D:4      | Reached XP level 7. HP: 45/54 MP: 7/7
  2526 | D:4      | Reached skill level 1 in Maces & Flails
  2837 | D:4      | Noticed inc's ghost (amateur DsMo)
  2876 | D:4      | Killed inc's ghost
  2876 | D:4      | Reached XP level 8. HP: 28/61 MP: 8/8
  3162 | D:5      | Entered Level 5 of the Dungeon
  3915 | D:5      | Got an encrusted short sword
  3916 | D:5      | Identified the cursed +3 short sword of Evil {pierce, rElec} (You found it on level 5 of the Dungeon)
  4568 | D:6      | Found a glowing silver altar of Zin.
  4739 | D:6      | Reached skill level 5 in Shields
  4772 | D:6      | Reached skill level 5 in Fighting
  4867 | D:6      | Noticed Eustachio
  4905 | D:6      | Killed Eustachio
  4905 | D:6      | Reached XP level 9. HP: 68/68 MP: 9/9
  5046 | D:6      | Reached skill level 5 in Armour
  5338 | D:7      | Noticed a hippogriff
  5349 | D:7      | Killed a hippogriff
  5540 | D:6      | Reached skill level 5 in Maces & Flails
  5784 | D:7      | Found a staircase to the Ecumenical Temple.
  5844 | D:7      | Found a sacrificial altar of Ru.
  6209 | D:7      | Reached skill level 5 in Stealth
  6278 | D:7      | Slain by an orc warrior

Skill      XL: |  1  2  3  4  5  6  7  8  9 |
---------------+----------------------------+-----
Stealth        | 1 2 3 4 5 |  5.0
Short Blades   | 1 2 3 |  3.0
Dodging        | 1 2 3 4 |  4.4
Shields        | 4 5 |  5.9
Fighting       | 4 5 |  5.9
Maces & Flails | 2 4 5 |  5.5
Armour         | 4 5 |  5.6
Long Blades    | |  2.3

Action                   |  1- 3 |  4- 6 |  7- 9 || total
-------------------------+-------+-------+-------++-------
Melee: Long sword        |   102 |       |       ||   102
       Dagger            |       |   449 |       ||   449
       Flail             |       |     5 |   233 ||   238
       Mace              |       |       |    90 ||    90
       Short sword       |       |       |    23 ||    23
  Use: Scroll            |     4 |     7 |     7 ||    18
       Potion            |       |     3 |     7 ||    10
 Stab: Invisible         |       |       |     2 ||     2
       Paralysed         |       |       |     1 ||     1
  Eat: Ration            |       |     3 |     4 ||     7
Armor: Scale mail        |    53 |       |       ||    53
       Plate armour      |    19 |   158 |   256 ||   433
Dodge: Dodged            |    45 |    39 |    81 ||   165
Block: Shield            |    69 |   152 |   224 ||   445
       Rpst.: Long sword |    11 |       |       ||    11
